[Event "Prague Festival-Masters 2022"]
[Site "Prague"]
[Date "2022.06.08"]
[Round "1.1"]
[White "Navara, David"]
[Black "Anton Guijarro, David"]
[Result "1-0"]
[ECO "D31"]
[WhiteElo "2682"]
[BlackElo "2691"]
[Annotator "TA"]
[PlyCount "99"]
[EventDate "2022.06.07"]
[EventType "tourn"]
[EventCountry "CZE"]
[SourceTitle "playchess.com"]
[Source "ChessBase"]
[SourceQuality "1"]
[TimeControl "40/5400+30:1800+30"]

1. d4 d5 2. c4 e6 3. Nc3 c6 4. e4 dxe4 5. Nxe4 Bb4+ 6. Bd2 Qxd4 7. Bxb4 Qxe4+ 8. Be2 Na6 9. Bd6 {[%emt 0:05:02] And now Nf3 would win.} Qxg2 {[%emt 0:04:40] D31: Queen's Gambit Declined: Semi-Slav without ...Nf6 (+ Marshall Gambit and Noteboom) and Exchange Variation lines without ...Nf6.} 10. Qd2 {[%emt 0:00:27] [#]} Qe4 $146 (10... Qxh1 $2 11. O-O-O Qe4 12. Be7 $1 $18 ) ({Predecessor:} 10... e5 11. Bxe5 Bf5 12. Bf3 Qg6 13. O-O-O Nf6 14. Ne2 Bb1 15. Bxf6 gxf6 16. Qd7+ Kf8 17. Qd6+ Ke8 18. Nd4 f5 19. Rhe1+ Be4 20. Qe5+ {1-0 (20) Perez Ponsa,F (2554)-Fier,A (2564) Chess.com INT 2021}) 11. Nf3 {[%emt 0:07:45] Inhibits e5.} e5 $1 {[%emt 0:02:02] The position is equal.} 12. Rg1 g6 (12... Bg4 $1 $11 13. Bxe5 (13. Nxe5 Qxe2+ 14. Qxe2 Bxe2 $17) 13... f6) 13. Ng5 ({Don't play} 13. Bxe5 f6 14. Bc3 Bg4 $14) (13. Nxe5 $16 {Black must now prevent Rg3.} f6 14. O-O-O fxe5 15. Rg3 (15. Ba3 $2 Bf5 $19)) 13... Qf4 (13... Qd4 $14) 14. Qxf4 $16 exf4 15. Bxf4 {[%emt 0:16:49] White is much more active.} (15. O-O-O $1 $16 {Strongly threatening Rge1.} h6 16. Ne4) 15... Bf5 $11 16. Rg3 h6 (16... Ne7 $11 {remains equal.}) 17. Re3+ $16 {[%emt 0:01:31][%mdl 1024] White has strong compensation.} Kf8 18. Bd6+ (18. Nf3 $16) 18... Kg7 $11 19. Nf3 {[%emt 0:01:48] Hoping for Nh4.} Nf6 20. Nd4 Ne4 21. Nxf5+ gxf5 22. Be5+ {[%emt 0:02:04] This bishop pair is nice.} f6 23. Bf4 Rad8 24. f3 Ng5 (24... Nec5 $15 25. Kf1 Kf7) 25. Re7+ Kg6 26. h4 Rh7 ({Black should play} 26... Nh3 $15 27. Bh2 Nb4) 27. Rxh7 Nxh7 28. Kf2 {[%emt 0:00:16] Rg1+ is the strong threat.} Nf8 29. Rg1+ Kh7 30. Be3 Ne6 31. Bxa7 Nb4 ({Don't do} 31... Rd2 32. Ke3 Rxb2 33. Bd3 $16) 32. a3 Nd3+ 33. Bxd3 Rxd3 {[%emt 0:00:04][%mdl 4096] Endgame KRB-KRN} 34. Re1 Ng7 35. Re7 (35. Ke2 $5 Rd7 36. Be3 $11) 35... Rd2+ $1 36. Re2 Rd1 37. Re7 Rd2+ 38. Re2 Rd1 39. b4 Kg6 40. Re7 Rd2+ 41. Ke1 Ra2 (41... Rd3 $16 {was worth a try.}) 42. Rxb7 (42. b5 $1 $18 {is more deadly.}) 42... Rxa3 $16 43. b5 cxb5 44. cxb5 f4 $2 {[%emt 0:18:06][%mdl 8192] This move loses the game for Black.} (44... Ne6 $16) 45. h5+ $18 {[%emt 0:12:27] White is clearly winning.} Nxh5 46. b6 $1 Ra1+ {[%emt 0:07:50] [#]} 47. Kd2 $1 Ng3 {[%emt 0:01:13] [#]} 48. Rc7 $1 Nf1+ 49. Kd3 {[%emt 0:01:04] Threatens to win with b7.} Ne3 50. b7 {[%emt 0:00:34] Weighted Error Value: White=0.16 (very precise) /Black=0.42} 1-0

[Event "Prague Festival-Masters 2022"]
[Site "Prague"]
[Date "2022.06.08"]
[Round "1.2"]
[White "Nguyen, Thai Dai Van"]
[Black "Maghsoodloo, Parham"]
[Result "1/2-1/2"]
[ECO "A34"]
[WhiteElo "2612"]
[BlackElo "2699"]
[Annotator "TA"]
[PlyCount "116"]
[EventDate "2022.06.07"]
[EventType "tourn"]
[EventCountry "CZE"]
[SourceTitle "playchess.com"]
[Source "ChessBase"]
[SourceQuality "1"]
[TimeControl "40/5400+30:1800+30"]

1. Nf3 Nf6 2. c4 c5 3. Nc3 d5 4. cxd5 Nxd5 5. g3 Nc6 6. Bg2 Nc7 7. O-O e5 8. b3 Be7 9. Bb2 O-O 10. Rc1 f6 11. Nh4 {[%emt 0:06:33] [#] A34: Symmetrical English: 2 Nc3, lines with ...d5.} Qd7 $146 ({Predecessor:} 11... Bd7 12. e3 Qc8 13. Nd5 Nxd5 14. Bxd5+ Be6 15. Bg2 Qd7 16. a3 Na5 17. Rc3 Rfd8 18. d3 Qb5 {0-1 (52) Stiemerling,A-Krefenstein,S (2094) Berlin 2014}) 12. e3 Rb8 13. Qh5 Rf7 14. Rfd1 (14. Be4 f5 15. Bxc6 Qxc6 $17) (14. Ne4 $11) 14... g6 $1 $15 15. Qe2 b6 $1 16. Nb5 Ba6 17. a4 Nb4 18. d4 exd4 (18... Bxb5 19. axb5 cxd4 20. exd4 $16) 19. exd4 Nxb5 20. axb5 Qxb5 21. Qd2 Qe2 (21... cxd4 $1 $17 22. Bxd4 Rd8) 22. Ra1 cxd4 23. Bxd4 Rd8 24. Qc3 {[%emt 0:00:49] Inhibits Bc5.} Rc8 25. Qd2 Qxd2 (25... Bf8 {seems wilder.} 26. Bh3 Qxd2 27. Rxd2 f5) 26. Rxd2 Bb5 27. Rdd1 (27. Nf3 $15) 27... Bf8 (27... Nc2 {looks sharper.} 28. Rac1 Ba3 29. Bd5 Bxc1 30. Rxc1 Rd8) 28. Rac1 (28. Nf3 $142) 28... Re8 (28... Rd8 $142 29. Be3 Rxd1+ 30. Rxd1 Rd7) 29. Nf3 (29. Be3 $17) 29... Be2 $1 $19 30. Rd2 Bxf3 (30... Bh6 $19 31. Rxe2 Rxe2 32. Rc8+ Kg7) 31. Bxf3 $15 Bh6 32. Re2 Rd8 $36 {[%emt 0:00:58][%mdl 2048] Black is pushing.} 33. Rc4 Bf8 34. Bc3 {[%emt 0:00:47] A strong pair of Bishops.} a5 35. Rd2 Rfd7 36. Rxd7 Rxd7 37. Bxf6 $2 (37. Rc8 $11) 37... Rf7 $1 $19 38. Rxb4 (38. Rf4 Bd6 39. Rxb4 Bxb4 $17) 38... Bxb4 {[%emt 0:00:04][%mdl 4096] Endgame KRB-KB} (38... Rxf6 39. Bd5+ Kg7 40. Rc4 $11) 39. Bd5 b5 40. Kf1 $2 {[%emt 0:00:00] [#]} (40. Bg5) 40... a4 $1 41. bxa4 {[%emt 0:00:59] [#]} bxa4 {[%emt 0:00:48][%cal Oa4a3] Threatens to win with ...a3!} 42. Bg5 {[%emt 0:15:28] [#]} a3 $1 43. Bh6 {[%emt 0:00:26] [#]} Bf8 $1 44. Bc1 {[%emt 0:01:05] [#]} Be7 45. Bh6 $17 {[%emt 0:02:17] [#]} g5 $1 46. h4 {[%emt 0:03:30] [#]} gxh4 47. Bc1 $11 hxg3 {[%emt 0:12:16] Strongly threatening ...Kg7.} 48. Bxa3 $2 Bxa3 $19 49. Kg2 {[%emt 0:00:08] [#]} Bd6 50. fxg3 (50. Kf1 Bb8) 50... Kg7 {[%emt 0:00:06] ( -> ...Rc7)} 51. Bxf7 Kxf7 $11 {[%emt 0:00:03] KB-KP} 52. g4 $2 (52. Kg1 $11 {and White has nothing to worry.} Kg7 53. g4) 52... h6 $2 ({Black should play} 52... Kf6 $19 {Hoping for ...Bc5.} 53. g5+ Kf5) 53. Kh1 Kf6 54. Kg2 Kg5 55. Kh1 Kh4 56. Kg1 Kg3 57. Kh1 Bc5 $2 ({And not} 57... Kxg4 58. Kg2 $11) ({Better is} 57... Ba3 $19 {And now ...Kf2 would win.} 58. Kg1 Kxg4) 58. g5 hxg5 {[%emt 0:00:01] Weighted Error Value: White=0.44/Black=0.37} 1/2-1/2

[Event "Prague Festival-Masters 2022"]
[Site "Prague"]
[Date "2022.06.08"]
[Round "1.3"]
[White "Le, Quang Liem"]
[Black "Shankland, Sam"]
[Result "1-0"]
[ECO "D30"]
[WhiteElo "2709"]
[BlackElo "2718"]
[Annotator "TA"]
[PlyCount "83"]
[EventDate "2022.06.07"]
[EventType "tourn"]
[EventCountry "CZE"]
[SourceTitle "playchess.com"]
[Source "ChessBase"]
[SourceQuality "1"]
[TimeControl "40/5400+30:1800+30"]

1. d4 d5 2. c4 e6 3. Nf3 Nf6 4. Qc2 c5 5. cxd5 cxd4 6. Nxd4 {[%emt 0:03:50][%cal Od5e6] D30: Queen's Gambit Declined: Systems without Nc3.} Nxd5 7. a3 {[%emt 0:00:09] Inhibits Nb4.} Be7 8. e4 {[%emt 0:00:41] The position is equal.} Nf6 {[%emt 0:02:03] [#]} 9. Nf3 $146 ({Predecessor:} 9. Nb5 Nc6 10. Be3 a6 11. N5c3 Ng4 12. Bf4 Bc5 13. Nd1 Ba7 14. f3 Nge5 15. Nd2 {0-1 (35) Pinto,C (2116)-Perez Gormaz,M (2327) Praia da Pipa 2014}) 9... Bd7 10. Nc3 Bc6 11. b4 a6 12. Bd3 Nbd7 13. O-O Rc8 14. Bb2 b5 15. Rfd1 Qc7 16. Rac1 Bb7 17. a4 (17. Qd2 $5 ) 17... O-O 18. axb5 axb5 19. Qe2 Qb8 20. Bxb5 Nb6 21. Bd3 Bxb4 22. Nb5 Nbd7 23. Rb1 {[%emt 0:01:09] [#] Threatens to win with Bxf6.} Bc5 24. h3 Rfd8 25. Bc3 Bb6 26. Bd4 Bxd4 27. Nbxd4 {[%emt 0:00:30] e5 is the strong threat.} Nc5 28. e5 Nfe4 29. Nc6 Rxc6 30. Bxe4 Nxe4 31. Rxb7 Nc3 $2 (31... Rxd1+ $11 32. Qxd1 Qf8) 32. Rxd8+ $2 (32. Qd3 Nd5 33. Rxb8 Rxb8 34. Ng5) 32... Qxd8 $18 {[%emt 0:00:00] [#]} 33. Qd3 Rc8 34. Rd7 $40 {[%emt 0:00:18][%mdl 128] Black is in trouble.} Qb6 35. Ng5 Qb1+ 36. Qxb1 Nxb1 37. Nxf7 {[%emt 0:00:18] KRN-KRN} ({Not} 37. Rxf7 $2 h6 38. Re7 hxg5 $19) 37... Nd2 $2 (37... Rc1+ $16 {is a better chance.} 38. Kh2 Nd2) 38. Rd8+ Rxd8 39. Nxd8 g5 40. Nxe6 h6 41. Nd4 Nc4 42. Nf5 {[%emt 0:00:00] Weighted Error Value: White=0.17 (very precise) /Black=0.15 (very precise)} 1-0

[Event "Prague Festival-Masters 2022"]
[Site "Prague"]
[Date "2022.06.08"]
[Round "1.4"]
[White "Salem, A.R. Saleh"]
[Black "Vallejo Pons, Francisco"]
[Result "1/2-1/2"]
[ECO "B12"]
[WhiteElo "2690"]
[BlackElo "2704"]
[Annotator "TA"]
[PlyCount "118"]
[EventDate "2022.06.07"]
[EventType "tourn"]
[EventCountry "CZE"]
[SourceTitle "playchess.com"]
[Source "ChessBase"]
[SourceQuality "1"]
[TimeControl "40/5400+30:1800+30"]

1. e4 c6 2. d4 d5 3. e5 c5 4. dxc5 e6 5. c3 Nc6 6. Bf4 {[%emt 0:12:00] B12: Caro-Kann: Advance Variation.} Bxc5 7. b4 {[%emt 0:00:33] [#]} Be7 $146 (7... Qh4 $2 8. g3 Qe7 9. bxc5 $18) ({Predecessor:} 7... Bb6 8. Nf3 f6 9. Bd3 fxe5 10. Nxe5 Qf6 11. Qh5+ g6 12. Nxg6 hxg6 13. Qxg6+ Qxg6 14. Bxg6+ {0-1 (20) Burchert,W (2103)-Landa,K (2601) Bad Wiessee 2016}) 8. Bd3 g5 9. Bg3 h5 10. h3 (10. h4 $1 $11) 10... Qc7 11. Nf3 (11. Qe2 $1 $11) 11... Nh6 (11... a6 $1 $15) 12. b5 $11 Na5 13. Nd4 Nf5 14. Bh2 (14. Bxf5 $15 exf5 15. f4) 14... Nxd4 $17 15. cxd4 {[%emt 0:00:31] [#]} Qb6 $1 16. Be2 (16. Qa4 $2 Nc4 17. Bxc4 Qxd4 18. b6+ Bd7 $19) 16... Bb4+ 17. Kf1 Bd7 18. a3 Be7 {[%emt 0:03:12] White must now prevent ...Rc8.} 19. a4 Rc8 20. g3 a6 21. Kg2 axb5 22. axb5 Bxb5 23. Bxh5 $2 {[%emt 0:06:12] [#]} (23. Bxb5+ Qxb5 24. Nd2) 23... Nb3 $1 $19 24. Ra2 Nxd4 25. Nd2 Nc6 26. Be2 Nb4 $36 {[%emt 0:00:21][%mdl 2048] White is under strong pressure.} ({Don't play} 26... Nxe5 27. Qb3 $16) 27. Rb2 Bc6 28. Qb1 d4+ 29. Bf3 d3 30. g4 Bxf3+ 31. Nxf3 Rc2 32. Bg3 O-O 33. h4 gxh4 34. Nxh4 (34. Rxh4 $142 Rxb2 35. Qxb2 Bxh4 36. Bxh4) 34... Qc6+ 35. Nf3 Nd5 (35... f6 $142 36. Rxc2 dxc2) 36. Rxc2 Qxc2 (36... dxc2 37. Qc1 Nf4+ 38. Qxf4 $18) 37. Qe1 {[%emt 0:02:04] Threatens to win with Qe4.} Rc8 $2 (37... Qc4 $19 {and Black stays clearly on top.} 38. g5 Qg4) 38. Qe4 $17 {[%emt 0:00:12] Intending Qh7+ and mate.} d2 39. Nxd2 b5 40. Qxc2 Rxc2 41. Nb3 {[%emt 0:11:42] [#]} (41. Ne4 $17) 41... Rb2 $1 $19 42. Na5 Rb4 ({Better is} 42... b4 $19 {And now ...b3 would win.} 43. Nc6 Bc5) 43. Nc6 $1 $15 Rxg4 (43... Rc4 $5 44. Nxe7+ Nxe7 $15) 44. f4 {[%emt 0:00:03] Inhibits Bg5.} f5 ({Don't take} 44... Nxf4+ 45. Kf3 Rxg3+ 46. Kxf4 $16 (46. Kxg3 Nd5 $14)) 45. exf6 $1 Bxf6 46. Kf3 Rg7 {[%emt 0:00:25] ...Rc7 is the strong threat.} 47. Re1 b4 {[%emt 0:02:08] Strongly threatening ...b3.} 48. Nxb4 Nxb4 49. Rxe6 Rf7 50. Ke4 Bg7 51. f5 Na2 52. Be5 Nc3+ 53. Kd4 Nb5+ 54. Ke4 {[%emt 0:00:31] The position is equal.} Nc7 55. Rg6 Ne8 56. Bxg7 Nxg7 57. f6 {[%emt 0:00:04][%mdl 64] Pin} Kh7 58. Rxg7+ Rxg7 59. fxg7 Kxg7 {[%emt 0:02:59] And White is the lucky defender.  Weighted Error Value: White=0.19 (very precise) /Black=0.21 (precise)} 1/2-1/2

[Event "Prague Festival-Masters 2022"]
[Site "Prague"]
[Date "2022.06.08"]
[Round "1.5"]
[White "Harikrishna, Pentala"]
[Black "Vidit, Santosh Gujrathi"]
[Result "1-0"]
[ECO "E48"]
[WhiteElo "2705"]
[BlackElo "2723"]
[Annotator "TA"]
[PlyCount "75"]
[EventDate "2022.06.07"]
[EventType "tourn"]
[EventCountry "CZE"]
[SourceTitle "playchess.com"]
[Source "ChessBase"]
[SourceQuality "1"]
[TimeControl "40/5400+30:1800+30"]

1. d4 Nf6 2. c4 e6 3. Nc3 Bb4 4. e3 O-O 5. Bd3 d5 6. cxd5 exd5 7. a3 {[%emt 0:00:15] E48: Nimzo-Indian: Rubinstein: 5 Bd3 d5 including 6 Ne2, but excluding 6 a3.} Bd6 8. Qc2 c6 9. Nge2 {[%emt 0:00:53] The position is equal.} Re8 10. Bd2 b6 11. f3 c5 {[%emt 0:01:15] [#]} 12. b4 $146 ({Predecessor:} 12. g4 c4 13. Bf5 Bxf5 14. Qxf5 g6 15. Qg5 Nc6 16. O-O Bf8 17. Qh4 h6 18. Rad1 {1-0 (58) Firouzja,A (2804)-Dominguez Perez,L (2753) Bucharest 2022}) 12... cxb4 13. Nb5 bxa3 14. e4 (14. O-O $11 Ba6 15. Nxd6 Qxd6 16. Bxa6 Nxa6 17. Rfb1) 14... dxe4 $17 15. fxe4 Ba6 ({Black should try} 15... Bg4 $17 {aiming for ...Bxe2.} 16. e5 Bf8) 16. e5 $15 {[%emt 0:08:53] [#]} Bxe5 17. dxe5 Rxe5 18. Bc3 $1 Nc6 ({Black should play} 18... Bxb5 $15 19. Bxe5 Qxd3 20. Qxd3 Bxd3) 19. Rd1 $36 {[%emt 0:09:53][%mdl 2048] White is pushing.} ({But not} 19. Rxa3 $2 Bxb5 20. Bxb5 (20. Bxe5 $2 Nb4 $19) 20... Rxb5 $19) ({Wrong is} 19. Bxe5 $2 Nb4 20. O-O-O (20. Bxh7+ $2 Nxh7 21. Qe4 Nd3+ 22. Kf1 Bxb5 $19) 20... Nxc2 21. Bxh7+ Kxh7 $19) 19... Qe7 (19... Rg5 $11 {was preferrable.}) 20. Bxe5 $14 Nxe5 21. O-O Nxd3 22. Qxd3 Qc5+ 23. Ned4 {[%emt 0:00:24] Rf5 is the strong threat.} Rd8 {[%emt 0:00:23] Black is on the road to losing.} (23... a2 $1 $14) 24. Rfe1 $16 a2 (24... Bxb5 $2 25. Qxb5 Rxd4 26. Re8+ Nxe8 27. Qxe8+ Qf8 28. Qxf8+ Kxf8 29. Rxd4 $18) 25. Qc3 h6 (25... g6 $16) 26. Qxc5 $18 bxc5 27. Nc7 Bc4 (27... Rxd4 $2 28. Rxd4 cxd4 29. Nxa6 $18) (27... cxd4 $16 28. Nxa6 d3) 28. Nc6 Rxd1 29. Rxd1 Bd3 {[%emt 0:04:53] [#] Hoping for ...Bb1.} 30. Ra1 Bb1 (30... Be4 {is a better defense.}) 31. Kf2 Ng4+ 32. Ke2 Nxh2 33. Ne5 f6 34. Nc4 Be4 $2 (34... Nf1 {was necessary.} 35. Na3 Ng3+ 36. Ke1 Bg6 37. Rxa2 Bf7) 35. Ne3 {[%emt 0:02:18] White is clearly winning.} f5 36. Rxa2 g5 37. Ncd5 Kf7 {[%emt 0:00:46] Prevents Nf6.} 38. Nc3 {[%emt 0:00:36] Weighted Error Value: White=0.07 (flawless) /Black=0.39} 1-0

[Event "Prague Festival-Masters 2022"]
[Site "Prague"]
[Date "2022.06.09"]
[Round "2.1"]
[White "Navara, David"]
[Black "Nguyen, Thai Dai Van"]
[Result "1/2-1/2"]
[ECO "C00"]
[WhiteElo "2682"]
[BlackElo "2612"]
[Annotator "TA"]
[PlyCount "89"]
[EventDate "2022.06.07"]
[EventType "tourn"]
[EventCountry "CZE"]
[SourceTitle "playchess.com"]
[Source "ChessBase"]
[SourceQuality "1"]
[TimeControl "40/5400+30:1800+30"]

1. e4 c5 2. Nf3 e6 3. g3 Nc6 4. Bg2 Nf6 5. d3 d5 6. Qe2 Be7 7. O-O O-O 8. e5 Nd7 9. c4 a6 {[%emt 0:02:20] C00: French: Unusual White 2nd moves.} 10. h4 h6 11. Bf4 b5 {[%emt 0:03:52] [#]} 12. Rd1 $146 ({Predecessor:} 12. cxd5 exd5 13. e6 Nf6 14. exf7+ Rxf7 15. Ne5 Nxe5 16. Qxe5 Qd7 17. Nc3 Bb7 18. d4 {½-½ (56) Mazurek,J (1662)-Tarka,A (1715) Warsaw 2019}) 12... Nb6 13. b3 Ra7 14. Nbd2 Rd7 15. Nf1 Bb7 16. N1h2 bxc4 (16... dxc4 {looks sharper.} 17. dxc4 Rxd1+ 18. Rxd1 Qa8) 17. dxc4 dxc4 18. bxc4 Rxd1+ 19. Rxd1 Qa8 (19... Nd4 $2 20. Nxd4 Bxg2 21. Nf5 $18) 20. Ng4 {[%emt 0:07:23][%cal Og4h6] [#] Threatens to win with Nxh6+!} h5 21. Ne3 g6 22. Bg5 Bxg5 23. hxg5 Rd8 24. g4 h4 25. Rxd8+ Qxd8 26. Nxh4 (26. Qd2 $1 $11 {remains equal.}) 26... Nd4 $17 27. Qb2 Bxg2 28. Kxg2 Nxc4 29. Nxc4 $11 {[%emt 0:00:08] Black must now prevent Nd6. The position is equal.} Qd5+ 30. Kh2 Qxc4 {[%emt 0:00:02][%mdl 4096] Endgame KQN-KQN} 31. Qb8+ $1 Kg7 32. Nxg6 $1 Nf3+ {[%emt 0:03:52][%mdl 64] [#] Discovered Attack} 33. Kg3 {[%emt 0:00:10] Intending Qh8+ and mate.} Nxg5 34. Qh8+ Kxg6 35. Qh5+ Kg7 {[%emt 0:00:02] ( -> ...Qc3+)} 36. Qxg5+ {[%emt 0:00:09] KQ-KQ} Kf8 37. Qd8+ Kg7 38. Qg5+ Kf8 39. Qd8+ Kg7 40. f4 Qe4 {[%emt 0:00:00] And now ...Qe3+ would win.} 41. Qf6+ Kg8 42. Qg5+ Kf8 43. Qd8+ Kg7 {[%emt 0:00:01] ...Qe3+ is the strong threat.} 44. Qf6+ Kg8 45. Qg5+ {[%emt 0:01:03] Weighted Error Value: White=0.08 (flawless) /Black=0.06 (flawless)} 1/2-1/2

[Event "Prague Festival-Masters 2022"]
[Site "Prague"]
[Date "2022.06.09"]
[Round "2.2"]
[White "Maghsoodloo, Parham"]
[Black "Le, Quang Liem"]
[Result "1/2-1/2"]
[ECO "E11"]
[WhiteElo "2699"]
[BlackElo "2709"]
[Annotator "TA"]
[PlyCount "71"]
[EventDate "2022.06.07"]
[EventType "tourn"]
[EventCountry "CZE"]
[SourceTitle "playchess.com"]
[Source "ChessBase"]
[SourceQuality "1"]
[TimeControl "40/5400+30:1800+30"]

1. d4 Nf6 2. c4 e6 3. Nf3 d5 4. g3 Bb4+ 5. Bd2 a5 6. Bg2 O-O 7. Qc1 {[%emt 0:00:02] E11: Bogo-Indian.} Be7 {[%emt 0:01:08] 7...Nbd7 is the recent fashion.} 8. O-O Nbd7 9. Bf4 {[%emt 0:01:21] The position is equal.} c6 10. Rd1 b6 {[%emt 0:01:56][%cal Bb7b6,Bb6b5][%mdl 32] [#]} 11. Nc3 $146 ({Predecessor:} 11. Ne5 Bb7 12. cxd5 cxd5 13. Nc6 Bxc6 14. Qxc6 Rc8 15. Qb5 Nh5 16. Bd2 Nhf6 17. Nc3 Ne8 18. Qd3 Nd6 19. b3 f5 20. Rac1 Nf6 21. Nb5 Qd7 22. Nxd6 {½-½ (22) Gelfand,B (2663)-Cheparinov,I (2664) Warsaw 2021}) 11... Ba6 12. b3 Rc8 13. e4 dxc4 14. Bf1 $1 b5 15. bxc4 b4 16. e5 bxc3 17. exf6 Bxf6 18. Ne5 c5 $1 19. Qxc3 Qc7 {[%emt 0:08:53] Hoping for ...cxd4.} 20. Ng6 cxd4 21. Qa3 e5 22. Nxf8 Nxf8 23. Bd2 Bb7 $1 24. Qxa5 Qc6 {[%emt 0:01:50][%csl Gb7][%cal Rc6h1] [#]} 25. Qd5 {[%emt 0:00:02] Prevents Qh1+.} Qc7 $1 26. Qa5 Qc6 $36 {[%emt 0:00:13][%csl Gb7][%cal Rc6h1][%mdl 2048] Black has the initiative.} 27. Qd5 {[%emt 0:00:04] Prevents Qh1+. Threatens to win with Bg2.} Qc7 $1 28. Qb5 Bc6 29. Qa5 {[%emt 0:00:02] And now Qxc7 would win.} Qd7 30. Re1 Ng6 {[%emt 0:02:03][%cal Og6h4][%mdl 1024] ...Nh4! is the strong threat. Black has compensation.} 31. Qa3 e4 {[%emt 0:02:27][%cal Og6h4] Prevents Qd3. Strongly threatening ...Nh4!} 32. Rad1 {[%emt 0:05:49] [#]} ({White has to play} 32. Bg2 $1 $15) 32... Ne5 $2 (32... Nh4 $1 $19 33. gxh4 e3) 33. Bg2 $11 (33. Be2 $2 e3 34. fxe3 d3 $19) 33... e3 34. fxe3 ({Don't blunder} 34. Bxc6 $2 Qxc6 35. fxe3 Nf3+ 36. Kf2 Qe4 37. exd4 (37. Qa6 $2 Rd8 $19) 37... Nxe1 38. Rxe1 Bxd4+ 39. Be3 Rxc4 $19) 34... Nf3+ ({Don't play} 34... Nxc4 35. Bxc6 Qxc6 36. Qb3 $14) 35. Bxf3 Bxf3 36. Qd3 {[%emt 0:07:27] Weighted Error Value: White=0.08 (flawless) /Black=0.11 (very precise)} 1/2-1/2

[Event "Prague Festival-Masters 2022"]
[Site "Prague"]
[Date "2022.06.09"]
[Round "2.3"]
[White "Vallejo Pons, Francisco"]
[Black "Harikrishna, Pentala"]
[Result "1/2-1/2"]
[ECO "C54"]
[WhiteElo "2704"]
[BlackElo "2705"]
[Annotator "TA"]
[PlyCount "65"]
[EventDate "2022.06.07"]
[EventType "tourn"]
[EventCountry "CZE"]
[SourceTitle "playchess.com"]
[Source "ChessBase"]
[SourceQuality "1"]
[TimeControl "40/5400+30:1800+30"]

1. e4 e5 2. Nf3 Nc6 3. Bc4 Bc5 4. d3 Nf6 5. O-O d6 6. c3 a5 {[%emt 0:00:55] C54: Giuoco Piano: 4 c3 Nf6, main lines with 5 d4 and 5 d3.} 7. Re1 Ba7 8. Na3 h6 {[%emt 0:00:18] The position is equal.} 9. Nb5 Bb6 10. Be3 Bxe3 11. Rxe3 O-O {[%emt 0:00:47] [#]} 12. a4 $146 ({Predecessor:} 12. d4 Bg4 13. h3 Bxf3 14. Qxf3 a4 15. Rd1 Qe7 16. Na3 Na5 17. Bb5 Nc6 18. Nc2 {1-0 (37) Volokitin,A (2681)-Matlakov,M (2674) Chess.com INT 2022}) 12... Bg4 13. h3 Bh5 14. Ba2 Kh8 15. Qc2 (15. g4 $5 Bg6 16. Qe2 $11) 15... Bg6 16. Rd1 Na7 17. Nxa7 Rxa7 18. Nh4 Bh7 19. g3 Ra8 20. Kh2 c6 21. Qe2 Qe7 22. Ng2 b5 23. axb5 cxb5 24. Qd2 Rab8 25. Re2 b4 26. Bc4 Nd7 27. Ra1 Nb6 28. Bb5 bxc3 29. bxc3 d5 30. Rxa5 {[%emt 0:00:00] Black must now prevent exd5.} dxe4 31. dxe4 Qc5 {[%emt 0:05:47] Against c4} (31... Rfd8 $11 32. Qa2 f6) 32. c4 $14 Rbd8 (32... Rfd8 $14 33. Qc3 Ra8) 33. Qa2 {[%emt 0:01:02] Weighted Error Value: White=0.07 (flawless) /Black=0.13 (very precise)} (33. Qc3 $16) 1/2-1/2